 Dungeon Crawl Stone Soup version 0.21.1-1-g345015fe64 (webtiles) character file.

6976 Gargoyl the Protected (level 10, 0/83 HPs)
             Began as a Centaur Abyssal Knight on May 31, 2018.
             Was an Elder of Lugonu.
             Slain by a two-headed ogre
             ... wielding a +0 giant club
              (6 damage)
             ... on level 9 of the Dungeon.
             The game lasted 00:18:46 (11334 turns).

Gargoyl the Protected (Centaur Abyssal Knight)     Turns: 11334, Time: 00:18:47

Health: 0/83       AC: 16    Str: 20    XL:     10   Next: 81%
Magic:  15/15      EV:  4    Int: 11    God:    Lugonu [****..]
Gold:   472        SH:  0    Dex: 12    Spells: 9/9 levels left

rFire    . . .     SeeInvis .   F - +9 glaive of Kapoto {speed, MR+}
rCold    . . .     Gourm    .   (shield currently unavailable)
rNeg     + . .     Faith    .   d - +5 plate armour {MR+}
rPois    .         Spirit   .   u - +1 helmet of Atheism {Str+3}
rElec    .         Reflect  .   y - +0 cloak
rCorr    +         Harm     .   (no gloves)
MR       ++...                  (no barding)
Stlth    ..........             (no amulet)
HPRegen  0.23/turn              p - +2 ring of dexterity
MPRegen  0.14/turn              G - ring "Fuxaibei" {rCorr rN+}

@: corroded, very quick
A: large, hooves 3, deformed body, speed 2, tough skin 3
a: Depart the Abyss, Bend Space, Banish, Corrupt, Renounce Religion


You were on level 9 of the Dungeon.
You worshipped Lugonu.
Lugonu was greatly pleased with you.
You were not hungry.

You visited 1 branch of the dungeon, and saw 9 of its levels.
You visited the Abyss 1 time.

You collected 472 gold pieces.

Inventory:

Hand Weapons
 a - a +1 hand axe
 b - a +4 whip of venom
 l - a +2 whip of holy wrath
 C - a +0 war axe of pain
 F - the +9 glaive of Kapoto (weapon) {speed, MR+}
   (You found it on level 8 of the Dungeon)

   Attacks with this weapon are significantly faster.
   It affects your resistance to hostile enchantments.
Missiles
 j - 2 silver javelins (quivered)
 r - 4 tomahawks of returning
Armour
 d - a +5 plate armour of magic resistance (worn)
 u - the +1 helmet of Atheism (worn) {Str+3}
   (You found it on level 7 of the Dungeon)

   It affects your strength (+3).
 y - a +0 cloak (worn)
Jewellery
 p - a +2 ring of dexterity (left hand)
 B - an uncursed ring of see invisible
 G - the ring "Fuxaibei" (right hand) {rCorr rN+}
   (You found it on level 9 of the Dungeon)

   [ring of resist corrosion]

   It protects you from negative energy.
Wands
 h - a wand of enslavement (8)
Scrolls
 e - 5 scrolls of teleportation
 f - 2 scrolls of magic mapping
 i - 5 scrolls of identify
 q - 2 scrolls of blinking
 v - a scroll of random uselessness {unknown}
 x - a scroll of remove curse
 z - 2 scrolls of enchant weapon
 E - a scroll of brand weapon {unknown}
Potions
 g - 2 potions of flight
 k - 2 potions of haste
 m - 4 potions of curing
 n - 5 potions of heal wounds
 o - a potion of magic
 s - a potion of brilliance
 t - a potion of degeneration {unknown}
 w - a potion of invisibility {unknown}
 D - a potion of agility
Books
 A - a Young Poisoner's Handbook

   Spells                             Type                      Level
   a - Sting                          Conjuration/Poison           1
   b - Poisonous Vapours              Poison/Air                   2
   c - Mephitic Cloud                 Conjuration/Poison/Air       3
   d - Olgreb's Toxic Radiance        Poison                       4
   e - Venom Bolt                     Conjuration/Poison           5
Comestibles
 c - 16 rations


   Skills:
 + Level 6.2 Fighting
 + Level 2.0(5.6) Axes
 + Level 6.7(6.8) Maces & Flails
 + Level 4.8(5.0) Polearms
 + Level 1.2 Throwing
 * Level 8.5 Armour
 + Level 0.9 Dodging
 * Level 7.3 Invocations


You had 9 spell levels left.
You didn't know any spells.

Dungeon Overview and Level Annotations

Branches:
Dungeon (9/15)             Temple (0/1) D:6             Orc (0/2) D:9
   Lair: D:8-11

Altars:
Gozag
Ru
Trog

Annotations:
D:9 Prince Ribbit


Innate Abilities, Weirdness & Mutations

You have hooves in place of feet.
Armour fits poorly on your strangely shaped body.
You cover ground very quickly.
You have extremely tough skin. (AC +3)


Message History

You destroy the worker ant zombie!
Lugonu accepts your kill.
You slice the two-headed ogre!!
The two-headed ogre is moderately wounded.
The two-headed ogre hits you with a giant club!!
* * * LOW HITPOINT WARNING * * *
The two-headed ogre hits you but does no damage.
Your plate armour prevents you from hitting the two-headed ogre.
You kick the two-headed ogre.
The two-headed ogre is heavily wounded.
You slash the two-headed ogre!
The two-headed ogre is severely wounded.
The two-headed ogre hits you but does no damage.
The two-headed ogre hits you with a dire flail!
* * * LOW HITPOINT WARNING * * *
You hit the two-headed ogre. You kick the two-headed ogre.
The two-headed ogre is severely wounded.
The two-headed ogre barely misses you.
The two-headed ogre hits you with a dire flail.
You die...

####).#.##..(.. #..#))#.#ZT.(..
#..##...ZF.⌠(? .. ###.##.#OW.)..
# #.### . #...##Z##..[.. .# .
#.(.. .# ###.####W##=)!# .#
##.###.... ..
#.....###T#####.####.#.###...
..##..#....###FO#..# #(#.#.#}##..
.##..##..#..####@#####.#.#.#.###.
.#..###..##..#.....#.#.#.#.#.#.#.
.#....)#.###.#.#...#.#.#.#.#.#.#.
.(....###........................
.#.###.#.....#...#.#.#.#.#)#.#.#.
(#..##..###..#.....#.#.#.#.#.#.#.
.##..#..##..####.#####.#.#.#.###.
..##....#..##.......##(#.#.#)##..
...##.....##...#.....###.#.###...


You could see a two-headed ogre, a troll, a wraith, a bullfrog and a wyvern
skeleton.

Vanquished Creatures
  A two-headed ogre (D:8)
  A skeletal warrior (D:9)
  2 unseen horrors (D:9)
  An ugly thing (D:9)
  A cyclops (D:9)
  A hungry ghost (D:7)
  2 water moccasins
  3 ice beasts
  4 orc warriors
  A sky beast (D:7)
  A black bear (D:8)
  7 ogres
  4 centaurs
  The ghost of GoroGoro the Cudgeler, an amateur HuCK of Ashenzari (D:3)
  Blork the orc (D:5)
  2 bullfrogs
  A gnoll sergeant (D:8)
  2 scorpions
  4 wights (D:9)
  3 crimson imps
  2 bullfrog zombies
  A hound (D:9)
  6 orc priests
  Crazy Yiuf (D:6)
  A gnoll shaman (D:8)
  A bullfrog skeleton (D:4)
  Terence (D:3)
  5 orc wizards
  Ijyb (D:3)
  Natasha (D:3)
  5 iguanas
  8 worker ants
  2 hound zombies
  A worker ant zombie (D:9)
  6 adders
  10 gnolls
  A shadow imp (D:9)
  2 oozes
  2 adder zombies
  3 adder skeletons (D:5)
  2 worms (D:2)
  3 dart slugs
  4 leopard geckos
  17 orcs
  6 bats
  5 giant cockroaches
  18 goblins
  A hobgoblin (D:1)
  4 jackals (D:3)
  10 quokkas
  A ball python (D:4)
  4 frilled lizards
  2 jackal zombies
  11 kobolds
  A quokka zombie (D:6)
  8 rats
  A fungus (D:6)
201 creatures vanquished.

Notes
Turn   | Place    | Note
-------+----------+-------------------------------------------
     0 | Abyss:1  | Gargoyl the Centaur Abyssal Knight began the quest for the Orb.
     0 | Abyss:1  | Reached XP level 1. HP: 19/19 MP: 2/2
    83 | Abyss:1  | Noticed an orange demon
    94 | D:1      | Escaped the Abyss
   177 | D:1      | Reached * piety under Lugonu
   188 | D:1      | Reached XP level 2. HP: 19/26 MP: 3/3
   933 | D:2      | Reached XP level 3. HP: 31/31 MP: 4/4
  1272 | D:2      | Reached skill level 2 in Armour
  1543 | D:2      | Reached XP level 4. HP: 14/39 MP: 5/5
  1857 | D:2      | Reached ** piety under Lugonu
  1862 | D:2      | Reached skill level 1 in Maces & Flails
  2350 | D:3      | Noticed GoroGoro's ghost (amateur HuCK)
  2701 | D:3      | Noticed Ijyb
  2723 | D:3      | Killed Ijyb
  2723 | D:3      | Reached skill level 3 in Armour
  2723 | D:3      | Reached XP level 5. HP: 46/46 MP: 6/6
  2882 | D:3      | Noticed Terence
  2890 | D:3      | Killed Terence
  2921 | D:3      | Found a sacrificial altar of Ru.
  3091 | D:3      | Noticed Natasha
  3096 | D:3      | Killed Natasha
  3347 | D:3      | Killed GoroGoro's ghost
  3347 | D:3      | Reached XP level 6. HP: 23/52 MP: 6/8
  4062 | D:4      | Reached skill level 4 in Armour
  4386 | D:4      | Reached XP level 7. HP: 47/58 MP: 9/9
  4598 | D:5      | Entered Level 5 of the Dungeon
  5530 | D:5      | Noticed Blork the orc
  5538 | D:5      | Killed Blork the orc
  5706 | D:5      | Reached skill level 5 in Armour
  5745 | D:5      | Reached XP level 8. HP: 28/67 MP: 11/11
  7110 | D:6      | Found a staircase to the Ecumenical Temple.
  7177 | D:6      | Reached *** piety under Lugonu
  7177 | D:6      | Reached skill level 6 in Armour
  7190 | D:6      | Reached skill level 5 in Maces & Flails
  7194 | D:6      | Reached skill level 5 in Invocations
  7567 | D:6      | Found a bloodstained altar of Trog.
  7988 | D:6      | Found a runed door.
  7992 | D:6      | Noticed Crazy Yiuf
  7998 | D:6      | Killed Crazy Yiuf
  8052 | D:7      | Reached XP level 9. HP: 39/72 MP: 12/12
  8436 | D:7      | Got a slimy helmet
  8450 | D:7      | Identified the +1 helmet of Atheism {Str+3} (You found it on level 7 of the Dungeon)
  8650 | D:7      | Reached skill level 5 in Fighting
  8654 | D:7      | Found an opulent altar of Gozag.
  9334 | D:8      | Noticed a two-headed ogre
  9407 | D:8      | Killed a two-headed ogre
  9407 | D:8      | Reached skill level 1 in Throwing
  9407 | D:8      | Reached skill level 7 in Armour
  9695 | D:8      | Reached **** piety under Lugonu
  9976 | D:8      | Got an iridescent glaive
  9977 | D:8      | Identified the +9 glaive of Kapoto {speed, MR+} (You found it on level 8 of the Dungeon)
 10085 | D:9      | Found a staircase to the Orcish Mines.
 10110 | D:9      | Noticed Prince Ribbit
 10129 | D:9      | Noticed a cyclops
 10130 | D:9      | Noticed a skeletal warrior
 10145 | D:9      | Killed a cyclops
 10145 | D:9      | Reached skill level 1 in Polearms
 10145 | D:9      | Reached XP level 10. HP: 25/83 MP: 14/14
 10723 | D:9      | Killed an unseen horror
 10754 | D:9      | Killed an unseen horror
 10754 | D:9      | Reached skill level 8 in Armour
 10934 | D:9      | Killed a skeletal warrior
 11232 | D:9      | Got a scintillating jade ring
 11238 | D:9      | Identified the ring "Fuxaibei" {rCorr rN+} (You found it on level 9 of the Dungeon)
 11310 | D:9      | Noticed a brown ugly thing
 11310 | D:9      | Noticed a two-headed ogre
 11327 | D:9      | Killed a brown ugly thing
 11334 | D:9      | Slain by a two-headed ogre

Skill      XL: |  1  2  3  4  5  6  7  8  9 10 |
---------------+-------------------------------+-----
Axes           | 2 |  2.0
Armour         | 2 3 4 5 6 7 8 |  8.5
Maces & Flails | 1 2 3 5 6 |  6.7
Invocations    | 3 4 5 6 7 |  7.3
Fighting       | 4 5 6 |  6.2
Throwing       | 1 |  1.2
Polearms       | 1 4 |  4.8
Dodging        | |  0.9

Action                   |  1- 3 |  4- 6 |  7- 9 | 10-12 || total
-------------------------+-------+-------+-------+-------++-------
Melee: Whip              |    94 |   140 |   344 |       ||   578
       Kick              |    20 |    29 |   114 |    24 ||   187
       Hand axe          |     7 |       |       |       ||     7
       Glaive            |       |       |    31 |    81 ||   112
Throw: Javelin           |       |     4 |     6 |       ||    10
Invok: Depart the Abyss  |     1 |       |       |       ||     1
       Bend Space        |       |       |     1 |       ||     1
  Use: Scroll            |       |     9 |    11 |       ||    20
       Potion            |       |     3 |     1 |       ||     4
  Eat: Chunk             |     1 |     4 |     6 |       ||    11
       Ration            |       |     1 |     4 |     1 ||     6
Armor: Plate armour      |   133 |    76 |   256 |    96 ||   561
Dodge: Dodged            |    11 |    14 |    74 |    11 ||   110
